AoeStats
← cicetala1

Arena

510858153Analyzed
3v3 RM · 1d ago on Oct 2, 2026· 49m 55s· 6 players
Game mode
Random Map
Map size
Normal (6 player)
Population
200
Speed
Normal
Resources
Standard
Victory
Conquest
Starting age
Dark Age
Ending age
Imperial Age
RankedLock teamsTeams togetherTeam positionsShared explorationLock speedFull tech treeHidden civsTurbo modeCheats
Victory
Defeat
🇹🇷 Britons · Türkiye
708
+12
🇹🇷 Cumans · Türkiye
696
+13
🇹🇷 Danes · Türkiye
666
+14
🇪🇸 Spanish · Spain
700
-40
🇪🇸 Portuguese · Spain
648
-25
🇪🇸 Goths · Spain
527
-9
Kb.Sotiips
13:06 Feudal Age
13:41 Double-Bit Axe
26:36 Castle Age
26:18 Forging
26:11 Scale Mail Armor
29:53 Pikeman
31:50 Iron Casting
31:31 Chain Mail Armor
33:55 Imperial Age
32:05 Wheelbarrow
31:49 Squires
31:58 Anarchy
35:38 Bow Saw
35:29 Halberdier
38:41 Blast Furnace
38:18 Perfusion
43:57 Two-Man Saw
44:42 Elite Huskarl
47:20 Cavalier
vencen
16:20 Feudal Age
17:41 Wheelbarrow
16:51 Horse Collar
16:59 Double-Bit Axe
27:12 Castle Age
28:18 Padded Archer Armor
33:34 Bow Saw
35:32 Hand Cart
cicetala1
8:15 Loom
14:05 Feudal Age
14:32 Horse Collar
14:41 Double-Bit Axe
17:42 Arson
19:06 Gold Mining
19:36 Stone Mining
23:12 Man-at-Arms
24:47 Scale Barding Armor
25:05 Scale Mail Armor
27:10 Forging
26:50 Fletching
27:01 Padded Archer Armor
33:38 Castle Age
32:19 Wheelbarrow
31:32 Town Watch
34:47 Bow Saw
35:40 Iron Casting
36:53 Heavy Plow
37:22 Pikeman
38:03 Squires
37:49 Gambesons
37:25 Long Swordsman
40:58 Husbandry
41:09 Bloodlines
40:33 Elite Skirmisher
Wayfarer ✔
10:00 Feudal Age
11:21 Double-Bit Axe
14:39 Horse Collar
15:27 Gold Mining
17:32 Wheelbarrow
19:17 Bloodlines
19:41 Fletching
20:24 Scale Barding Armor
20:30 Forging
22:23 Stone Mining
26:04 Castle Age
24:43 Forging
26:53 Heavy Plow
27:07 Bow Saw
27:35 Gold Shaft Mining
27:53 Chain Barding Armor
28:28 Hand Cart
31:53 Fletching
32:14 Thumb Ring
35:25 Imperial Age
33:13 Steppe Husbandry
33:11 Bodkin Arrow
33:52 Iron Casting
35:57 Padded Archer Armor
37:12 Chemistry
36:33 Ballistics
36:41 Conscription
37:04 Elite Steppe Lancer
38:18 Parthian Tactics
40:00 Plate Barding Armor
40:26 Blast Furnace
41:08 Capped Ram
43:11 Two-Man Saw
42:47 Crop Rotation
42:11 Siege Ram
Zylexis
11:22 Feudal Age
9:45 Loom
15:56 Castle Age
23:00 Horse Collar
24:02 Double-Bit Axe
28:31 Imperial Age
27:51 Double-Bit Axe
27:49 Horse Collar
28:42 Padded Archer Armor
28:32 Fletching
30:05 Conscription
30:27 Leather Archer Armor
30:30 Bodkin Arrow
32:38 Heavy Plow
32:50 Bow Saw
33:29 Wheelbarrow
33:55 Ring Archer Armor
33:30 Gold Mining
34:06 Ballistics
34:51 Bracer
36:08 Chemistry
35:40 Yeomen
35:53 Scale Mail Armor
36:04 Forging
37:28 Two-Man Saw
36:38 Elite Longbowman
37:28 Warwolf
38:16 Chain Mail Armor
38:36 Iron Casting
39:54 Gold Shaft Mining
39:53 Plate Mail Armor
39:03 Pikeman
39:44 Squires
39:33 Arson
40:20 Hand Cart
41:48 Blast Furnace
43:23 Arrowslits
dekompanze
7:55 Loom
11:42 Feudal Age
15:28 Castle Age
14:19 Double-Bit Axe
15:15 Horse Collar
19:05 Bow Saw
19:30 Heavy Plow
24:09 Wheelbarrow
23:55 Stone Mining
23:56 Gold Mining
26:15 Hand Cart
27:17 Padded Archer Armor
27:18 Scale Mail Armor
27:23 Scale Barding Armor
27:09 Fletching
27:29 Forging
30:17 Stone Shaft Mining
30:04 Leather Archer Armor
29:58 Pikeman
30:38 Squires
29:59 Man-at-Arms
30:25 Gambesons
35:54 Imperial Age
34:07 Ballistics
33:44 Murder Holes
34:38 Guard Tower
36:15 Husbandry
36:50 Masonry
39:31 Chain Mail Armor
39:47 Ring Archer Armor
39:37 Chain Barding Armor
39:17 Light Cavalry
40:07 Bloodlines
41:52 Chemistry
40:38 Arrowslits
41:29 Keep
40:45 Heated Shot
41:23 Elite Jomsviking
42:52 Plate Mail Armor
42:19 Bodkin Arrow
45:26 Plate Barding Armor
44:52 Bracer
45:27 Iron Casting
45:05 Onager
48:57 Siege Onager
Connection lost

Rejoining the realm…

Still unreachable

The connection could not be restored.

Session expired

The server has moved on; the page needs a fresh start.